 Dungeon Crawl Stone Soup version 0.28-a0-850-g09de17f5b5 (webtiles) character file.

Game seed: 12620761836470802823

93 Crownlay the Digger (level 4, 0/24 HPs)
             Began as a Gargoyle Earth Elementalist on Nov 13, 2021.
             Slain by an orc priest (3 damage)
             ... on level 3 of the Dungeon.
             The game lasted 00:01:58 (3250 turns).

Crownlay the Digger (Gargoyle Earth Elementalist)   Turns: 3250, Time: 00:01:59

Health: 0/24       AC:  5    Str: 12    XL:     4   Next: 62%
Magic:  1/9        EV: 11    Int: 16    God:
Gold:   154        SH:  0    Dex: 10    Spells: 9/10 levels left

rFire   . . .      SeeInvis .   d - +0 short sword
rCold   . . .      Faith    .   (no shield)
rNeg    + . .      Spirit   .   b - +0 robe
rPois   ∞          Reflect  .   (no helmet)
rElec   +          Harm     .   (no cloak)
rCorr   .          Rampage  .   (no gloves)
Will    .....                   (no boots)
Stlth   ++........              (no amulet)
HPRegen 0.08/turn               (no ring)
MPRegen 0.11/turn               (no ring)

@: very slightly contaminated
A: sickness immunity, AC +3, negative energy resistance 1, electricity
resistance, torment resistance 1, petrification resistance
a: no special abilities


You were on level 3 of the Dungeon.
You visited 1 branch of the dungeon, and saw 3 of its levels.

You collected 154 gold pieces.

Inventory:

Hand Weapons
 d - a +0 short sword (weapon)
Missiles
 c - 129 stones
Armour
 b - a +0 robe (worn)
Wands
 k - a wand of flame (17)
Scrolls
 f - a scroll of enchant weapon {unknown}
 g - a scroll of enchant armour {unknown}
 h - a scroll of identify {unknown}
 j - a scroll of immolation {unknown}
 l - a scroll of noise {unknown}
 m - a scroll of brand weapon {unknown}
Potions
 a - a potion of haste {unknown}
 e - a potion of magic {unknown}
 i - a potion of degeneration {unknown}


   Skills:
 - Level 1.5 Dodging
 - Level 2.1 Stealth
 * Level 3.7 Spellcasting
 - Level 0.7 Transmutations
 + Level 4.6 Earth Magic


You had 9 spell levels left.
You knew the following spells:

 Your Spells              Type           Power      Damage    Failure   Level
a - Sandblast             Erth           34%        2d9       2%          1

Your spell library contained the following spells:

 Spells                   Type           Power      Damage    Failure   Level
 Passwall                 Tmut/Erth      9%         N/A       9%          2
 Stone Arrow              Conj/Erth      20%        3d8       21%         3
 Petrify                  Tmut/Erth      11%        N/A       50%         4


Dungeon Overview and Level Annotations

Branches:
Dungeon (3/15)

Altars:


Innate Abilities, Weirdness & Mutations

You are immune to sickness and miasma.
Your stone body is resilient. (AC +3)
You are immune to poison.
You resist negative energy. (rN+)
You are resistant to electric shocks. (rElec)
You are resistant to unholy torment.
You are immune to petrification.


Message History

The blast of sand misses the orc priest.
The orc priest hits you from afar with a +0 trident.
The blast of sand hits the orc but does no damage.
The orc barely misses you.
The orc priest hits you from afar with a +0 trident.
The blast of sand hits the orc but does no damage.
The orc hits you but does no damage.
The orc priest hits you from afar with a +0 trident!
You are too injured to fight recklessly!
You are too injured to fight recklessly!
You are too injured to fight recklessly!
Casting: Sandblast (safe; 2% risk of failure)
Confirm with . or Enter, or press ? or * to list all spells.
Aiming: Sandblast (safe; 2% risk of failure)
Press: ? - help, Shift-Dir - straight line, f/p - orc
Aim: an orc, wielding a +0 hand axe and wearing a +0 ring mail (82% to hit)
You miscast Sandblast.
You are very lightly contaminated with residual magic.
Nothing appears to happen.
The orc hits you but does no damage.
The orc priest hits you from afar with a +0 trident.
* * * LOW HITPOINT WARNING * * *
Casting: Sandblast (safe; 2% risk of failure)
Confirm with . or Enter, or press ? or * to list all spells.
Aiming: Sandblast (safe; 2% risk of failure)
Press: ? - help, Shift-Dir - straight line, f/p - orc
Aim: an orc, wielding a +0 hand axe and wearing a +0 ring mail (82% to hit)
The blast of sand hits the orc.
The orc is severely wounded.
The orc hits you with a +0 hand axe.
* * * LOW HITPOINT WARNING * * *
The orc priest closely misses you.
Casting: Sandblast (safe; 2% risk of failure)
Confirm with . or Enter, or press ? or * to list all spells.
Aiming: Sandblast (safe; 2% risk of failure)
Press: ? - help, Shift-Dir - straight line, f/p - orc
Aim: an orc, wielding a +0 hand axe and wearing a +0 ring mail (severely wounded, 82% to hit)
The blast of sand hits the orc.
You kill the orc!
The orc priest hits you from afar with a +0 trident.
You die...

###
################.#
.................#
################.#
#@# ### #)# ..#
#o# ..#### #o#
......
.......o).o....
..###.
...............
......
.........######
...##. ......[..#
...## .........#


You could see an orc priest and 2 orcs.

Vanquished Creatures
  4 adders
  2 worms
  5 orcs (D:3)
  A bat (D:3)
  3 endoplasms
  3 giant cockroaches
  4 goblins
  6 hobgoblins
  2 quokkas
  4 ball pythons
  A frilled lizard (D:1)
  7 kobolds
  4 rats
46 creatures vanquished.

Notes
Turn   | Place    | Note
-------+----------+-------------------------------------------
     0 | D:1      | Crownlay the Gargoyle Earth Elementalist began the quest
                  | for the Orb.
     0 | D:1      | Reached XP level 1. HP: 10/10 MP: 3/3
   491 | D:1      | Reached XP level 2. HP: 15/15 MP: 5/5
  1150 | D:2      | Found a faded altar of an unknown god.
  1196 | D:2      | Reached skill level 4 in Earth Magic
  1630 | D:2      | Reached XP level 3. HP: 19/19 MP: 7/7
  2477 | D:3      | Reached XP level 4. HP: 8/24 MP: 5/9
  3250 | D:3      | Slain by an orc priest

Illustrated notes

Levels and vault maps discovered:
D:1:      heliophobic_arrival_ceremonial_halls, layout_loops_ring,
          minmay_split_cup_large
D:2:      layout_rooms, hellmonk_ecumenical_altar_crossroads
D:3:      layout_basic

Skill      XL: |  1  2  3 |
---------------+----------+-----
Earth Magic    | 4 |  4.6
Spellcasting   | 3 |  3.7
Dodging        | |  1.5
Stealth        | |  2.1
Transmutations | |  0.7

Action                   |  1- 3 |  4- 6 || total
-------------------------+-------+-------++-------
Melee: Short sword       |   107 |    28 ||   135
 Cast: Sandblast         |    12 |    18 ||    30
 Stab: Sleeping          |     1 |     1 ||     2
Armor: Robe              |    33 |    14 ||    47
Dodge: Dodged            |    67 |    17 ||    84

Table legend: (Time is in decaauts)
 A = Elapsed time spent in this place.
 B = Non-inter-level travel time spent in this place.
 C = Inter-level travel time spent in this place.
 D = Time resting spent in this place.
 E = Time spent auto-exploring this place.
 F = Levels seen in this place.
 G = Mean time per level.
                   A        B        C        D        E       F      G
               +--------+--------+--------+--------+--------+-----+--------+
         Total |   3262 |   3219 |     43 |      0 |   2862 |   3 | 1087.3 |
       Dungeon |   3262 |   3219 |     43 |      0 |   2862 |   3 | 1087.3 |
               +--------+--------+--------+--------+--------+-----+--------+

Top non-repeatable levels by time:
     D:2: 1174 daAuts
     D:1: 1116 daAuts
     D:3: 971 daAuts
